 Dungeon Crawl Stone Soup version 0.22-a0-433-gd2a9cce (webtiles) character file.

120 DrEnzyme the Cutter (level 5, -2/43 HPs)
             Began as a Gnoll Wanderer on May 27, 2018.
             Was an Initiate of the Shining One.
             Slain by Caerwyn's ghost (5 damage)
             ... on level 3 of the Dungeon.
             The game lasted 00:10:35 (3447 turns).

DrEnzyme the Cutter (Gnoll Wanderer)                Turns: 3447, Time: 00:10:36

Health: -2/43      AC:  3    Str: 13    XL:     5   Next: 4%
Magic:  12/12      EV: 12    Int: 17    God:    the Shining One [......]
Gold:   110        SH:  0    Dex: 14    Spells: 14/14 levels left

rFire    . . .     SeeInvis .   t - +0 hand axe (flame)
rCold    . . .     Gourm    .   (no shield)
rNeg     . . .     Faith    .   d - +0 robe
rPois    .         Spirit   .   (no helmet)
rElec    .         Reflect  .   (no cloak)
rCorr    .         Harm     .   (no gloves)
MR       .....                  n - +0 pair of boots
Stlth    +.........             (no amulet)
HPRegen  0.14/turn              v - ring of wizardry
MPRegen  0.13/turn              (no ring)

@: glowing
A: distributed training, fangs 1, strong nose
a: Renounce Religion


You were on level 3 of the Dungeon.
You worshipped the Shining One.
The Shining One was noncommittal.
You were not hungry.

You visited 1 branch of the dungeon, and saw 3 of its levels.

You collected 110 gold pieces.

Inventory:

Hand Weapons
 a - a +2 short sword
 b - a +0 quarterstaff
 p - a +0 spear
 t - a +0 hand axe of flaming (weapon)
Missiles
 h - 149 stones (quivered)
 q - 16 poisoned needles
Armour
 d - a +0 robe (worn)
 m - a +0 plate armour
 n - a +0 pair of boots (worn)
Jewellery
 v - a ring of wizardry (left hand)
Scrolls
 c - 3 scrolls of teleportation
 e - a scroll of amnesia
 i - a scroll of identify
 r - 3 scrolls of remove curse
 s - a scroll of magic mapping
 u - a scroll of enchant armour {unknown}
Potions
 g - a potion of curing
 j - a potion of invisibility
 k - a potion of brilliance {unknown}
 l - a potion of agility
 o - a potion of resistance {unknown}
Comestibles
 f - 4 rations
 w - 5 chunks of flesh


   Skills:
 + Level 4.7 Fighting
 + Level 6.6 Short Blades
 + Level 1.3 Long Blades
 + Level 1.3 Axes
 + Level 1.3 Maces & Flails
 + Level 1.3 Polearms
 + Level 1.3 Staves
 + Level 1.3 Slings
 + Level 1.3 Bows
 + Level 1.3 Crossbows
 + Level 2.8 Throwing
 + Level 1.3 Armour
 + Level 1.3 Dodging
 + Level 2.6 Stealth
 + Level 1.3 Shields
 + Level 1.3 Unarmed Combat
 + Level 5.1 Spellcasting
 + Level 1.0 Conjurations
 + Level 1.0 Hexes
 + Level 1.0 Charms
 + Level 1.0 Summonings
 + Level 1.0 Necromancy
 + Level 1.0 Translocations
 + Level 1.0 Transmutations
 + Level 1.0 Fire Magic
 + Level 2.3 Ice Magic
 + Level 1.0 Air Magic
 + Level 1.0 Earth Magic
 + Level 1.0 Poison Magic
 + Level 1.4 Invocations
 + Level 1.3 Evocations


You had 14 spell levels left.
You didn't know any spells.
Your spell library was empty.

Dungeon Overview and Level Annotations

Branches:
Dungeon (3/15)

Altars:
The Shining One

Annotations:
D:2 1 exclusion
D:3 Caerwyn's ghost, amateur GnWn


Innate Abilities, Weirdness & Mutations

Your experience applies equally to all skills.
You have very sharp teeth.
Your uncanny sense of smell can sniff out nearby items.


Message History

You hit the quokka but do no damage. You closely miss the quokka.
You hit the rat. You burn the rat.
You kill the rat!
The rat's corpse disappears in a puff of smoke!
The quokka bites you. The quokka barely misses you. Caerwyn's ghost hits you.
The quokka bites you.
* * * LOW HITPOINT WARNING * * *
The quokka closely misses you.
You barely miss Caerwyn's ghost.
Caerwyn's ghost is moderately damaged.
You hit the quokka. You burn the quokka.
You kill the quokka!
The quokka's corpse disappears in a puff of smoke!
You miss the quokka. Caerwyn's ghost completely misses you.
The quokka bites you.
* * * LOW HITPOINT WARNING * * *
The quokka bites you.
* * * LOW HITPOINT WARNING * * *
Caerwyn's ghost hits you.
You die...

,,.......................#......#
,,..............$..#####........#
*,.......................####...>
*,*#...........#.......#.........
*,*#...........#.#.....####......
*,*#..........##.........###.....
*,*######........#.....#.........
*** ######.W.#.....#####.....
#.ยง@#.....### #.....
#.#r........###|#...
#...#.....#.....####
##..#######....#...# ####
##.......... #...........
#........... #...........
##....<.....


You could see Caerwyn's ghost and a quokka.

Vanquished Creatures
  3 gnolls (D:2)
  2 adders (D:2)
  2 oozes
  A worm (D:2)
  2 dart slugs
  An orc (D:3)
  7 goblins
  6 hobgoblins
  7 jackals
  9 bats
  4 frilled lizards
  8 kobolds
  5 rats
57 creatures vanquished.

Notes
Turn   | Place    | Note
-------+----------+-------------------------------------------
     0 | D:1      | DrEnzyme the Gnoll Wanderer began the quest for the Orb.
     0 | D:1      | DrEnzyme set off with: a +2 short sword, a +0 quarterstaff, a scroll of teleportation, a +0 robe, a ration
     0 | D:1      | Reached XP level 1. HP: 20/20 MP: 6/6
   491 | D:1      | Reached XP level 2. HP: 26/26 MP: 7/7
   978 | D:1      | Reached XP level 3. HP: 31/31 MP: 9/9
  1028 | D:1      | Reached skill level 5 in Spellcasting
  1709 | D:2      | Reached skill level 1 in Invocations
  1877 | D:1      | Reached skill level 1 in Long Blades
  1877 | D:1      | Reached skill level 1 in Axes
  1877 | D:1      | Reached skill level 1 in Maces & Flails
  1877 | D:1      | Reached skill level 1 in Polearms
  1877 | D:1      | Reached skill level 1 in Staves
  1877 | D:1      | Reached skill level 1 in Slings
  1877 | D:1      | Reached skill level 1 in Bows
  1877 | D:1      | Reached skill level 1 in Crossbows
  1877 | D:1      | Reached skill level 1 in Armour
  1877 | D:1      | Reached skill level 1 in Dodging
  1877 | D:1      | Reached skill level 1 in Shields
  1877 | D:1      | Reached skill level 1 in Unarmed Combat
  1877 | D:1      | Reached skill level 1 in Evocations
  1935 | D:2      | Reached XP level 4. HP: 36/38 MP: 11/11
  2611 | D:2      | Reached skill level 1 in Conjurations
  2611 | D:2      | Reached skill level 1 in Hexes
  2611 | D:2      | Reached skill level 1 in Charms
  2611 | D:2      | Reached skill level 1 in Summonings
  2611 | D:2      | Reached skill level 1 in Necromancy
  2611 | D:2      | Reached skill level 1 in Translocations
  2611 | D:2      | Reached skill level 1 in Transmutations
  2611 | D:2      | Reached skill level 1 in Fire Magic
  2611 | D:2      | Reached skill level 1 in Air Magic
  2611 | D:2      | Reached skill level 1 in Earth Magic
  2611 | D:2      | Reached skill level 1 in Poison Magic
  2621 | D:2      | Found a glowing golden altar of the Shining One.
  2627 | D:2      | Became a worshipper of the Shining One
  3305 | D:3      | Reached XP level 5. HP: 42/43 MP: 12/12
  3424 | D:3      | Noticed Caerwyn's ghost (amateur GnWn)
  3447 | D:3      | Slain by Caerwyn's ghost

Vault maps used:
D:1:      minmay_arrival_radiant_lines
D:2:      tso_oasis_becter, kennysheep_generic_room_14
D:3:      lemuel_crystal_altar, first_ration, grunt_ministairs_3,
          nemelex_spade_bored_becter, uniq_natasha, uniq_grinder, uniq_ijyb

Skill      XL: |  1  2  3  4 |
---------------+-------------+-----
Ice Magic      | 2 |  2.3
Spellcasting   | 5 |  5.1
Invocations    | 1 |  1.4
Long Blades    | 1 |  1.3
Axes           | 1 |  1.3
Maces & Flails | 1 |  1.3
Polearms       | 1 |  1.3
Staves         | 1 |  1.3
Slings         | 1 |  1.3
Bows           | 1 |  1.3
Crossbows      | 1 |  1.3
Armour         | 1 |  1.3
Dodging        | 1 |  1.3
Shields        | 1 |  1.3
Unarmed Combat | 1 |  1.3
Evocations     | 1 |  1.3
Conjurations   | 1 |  1.0
Hexes          | 1 |  1.0
Charms         | 1 |  1.0
Summonings     | 1 |  1.0
Necromancy     | 1 |  1.0
Translocations | 1 |  1.0
Transmutations | 1 |  1.0
Fire Magic     | 1 |  1.0
Air Magic      | 1 |  1.0
Earth Magic    | 1 |  1.0
Poison Magic   | 1 |  1.0
Fighting       | |  4.7
Short Blades   | |  6.6
Throwing       | |  2.8
Stealth        | |  2.6

Action                   |  1- 3 |  4- 6 || total
-------------------------+-------+-------++-------
Melee: Short sword       |    91 |    89 ||   180
       Bite              |     4 |    13 ||    17
       Hand axe          |       |    15 ||    15
  Use: Scroll            |     3 |     5 ||     8
 Stab: Sleeping          |     3 |     1 ||     4
  Eat: Chunk             |     3 |     5 ||     8
Armor: Robe              |    18 |    20 ||    38
Dodge: Dodged            |    36 |    82 ||   118

Table legend:
 A = Spawn XP
 B = Non-spawn XP
 C = Spawn XP percentage of total XP
 D = Spawn monster count
 E = Non-spawn monster count
 F = Spawn count percentage of total count
 G = Total turns spent on level
                    A         B        C        D         E        F      G
               +---------+---------+-------+---------+---------+-------+---------
         Total |       0 |     172 |   0.0 |       0 |      57 |   0.0 |  3447
               +---------+---------+-------+---------+---------+-------+---------
           D:1 |       0 |      44 |   0.0 |       0 |      24 |   0.0 |  1519
           D:2 |       0 |     111 |   0.0 |       0 |      24 |   0.0 |  1742
           D:3 |       0 |      17 |   0.0 |       0 |       9 |   0.0 |   186
               +---------+---------+-------+---------+---------+-------+---------
